Map: [TLMC19] Anomaly Found

Players

DKZDark (Dark)

  • Race: Zerg Zerg
  • League: Master
  • Spawn Location: 5:00

DKZherO (herO) - Winner!

  • Race: Protoss Protoss
  • League: Master
  • Spawn Location: 11:00

VOD

Have the link to the VOD?

Description

Time

  • Played on: Dec. 23, 2023, 8:43 a.m.
  • Length: 18:24
Show
View Real Time Build Order
Export as new Build Order

DKZDark Zerg 

Build Orders: Hatch First 

Get SALT Encoding   

  12  0:00  Drone  
  13  0:13  Overlord  
  13  0:17  Drone  
  14  0:31  Drone x2  
  16  0:49  Hatchery  
  15  0:51  Drone  
  15  0:56  Drone  
  17  0:58  Drone  
  18  1:09  Extractor  
  17  1:14  Spawning Pool  
  17  1:17  Drone  
  17  1:21  Drone  
  18  1:29  Drone  
  19  1:40  Drone  
  20  1:52  Overlord  
  20  2:01  Queen x2  
  20  2:02  Zergling x2  
  20  2:06  Zergling x2  
  26  2:11  Metabolic Boost  
  26  2:13  Drone  
  27  2:17  Drone  
  29  2:22  Drone  
  29  2:27  Drone  
  30  2:39  Drone x2  
  32  2:48  Hatchery  
  33  2:51  Queen  
  33  2:54  Overlord  
  33  2:59  Zergling x2  
  33  3:00  Drone  
  33  3:02  Drone  
  36  3:13  Queen  
  36  3:15  Drone x3  
  36  3:16  Drone  
  42  3:23  Overlord  
  42  3:27  Drone x2  
  44  3:41  Queen, Overlord  
  44  3:42  Overlord  
  44  3:43  Drone x2  
  48  3:54  Zergling x4  
  49  3:55  Drone  
  49  3:56  Drone x2  
  49  4:00  Roach Warren  
  49  4:02  Extractor x2  
  49  4:03  Drone x2  
  49  4:04  Drone  
  49  4:09  Spore Crawler  
  51  4:14  Overlord  
  51  4:17  Spore Crawler  
  51  4:23  Overlord  
  50  4:24  Overlord  
  47  4:40  Roach x6  
  47  4:41  Roach  
  47  4:43  Roach  
  63  4:45  Zergling x2  
  63  4:51  Zergling x4  
  66  4:54  Zergling x4  
  69  5:00  Zergling x6  
  69  5:01  Ravager  
  69  5:02  Ravager  
  69  5:04  Ravager  
  69  5:06  Zergling x2  
  75  5:11  Zergling x6  
  77  5:17  Zergling x4  
  77  5:19  Ravager  
  80  5:21  Zergling x4  
  80  5:25  Zergling x4  
  80  5:27  Ravager  
  84  5:33  Zergling x2  
  84  5:34  Zergling x6  
  88  5:35  Ravager  
  87  5:44  Zergling x10  
  85  5:55  Zergling x6  
  84  5:57  Ravager x2  
  82  6:07  Zergling x12  
  87  6:20  Zergling x6  
  87  6:23  Queen  
  86  6:29  Zergling x6  
  86  6:31  Queen  
  82  6:36  Queen  
  71  6:43  Zergling x2  
  71  6:46  Zergling x4  
  71  6:47  Zergling x4  
  51  6:54  Zergling x4  
  51  6:58  Drone  
  51  7:00  Drone  
  51  7:04  Queen  
  51  7:06  Drone x2  
  54  7:12  Drone  
  54  7:13  Queen  
  57  7:16  Drone  
  57  7:17  Drone  
  57  7:21  Spore Crawler  
  57  7:22  Drone  
  59  7:25  Drone  
  59  7:28  Drone  
  61  7:34  Roach x2  
  65  7:39  Lair  
  65  7:40  Drone x3  
  65  7:42  Drone  
  69  7:46  Queen  
  69  7:48  Drone  
  69  7:50  Drone  
  69  7:51  Drone x2  
  74  7:54  Drone  
  74  7:55  Drone  
  74  7:56  Drone  
  74  7:57  Drone  
  79  7:59  Drone  
  79  8:00  Drone  
  81  8:06  Queen  
  83  8:12  Extractor  
  83  8:14  Drone x2, Extractor  
  83  8:15  Drone x4  
  87  8:21  Drone x3  
  90  8:29  Overlord  
  90  8:31  Extractor  
  90  8:33  Drone  
  90  8:34  Overlord, Evolution Chamber  
  89  8:42  Overlord  
  89  8:46  Queen  
  89  8:47  Overlord  
  91  8:48  Hatchery  
  91  8:49  Glial Reconstitution  
  91  8:51  Overlord  
  90  8:55  Drone x2  
  90  8:56  Drone  
  90  8:58  Roach  
  90  8:59  Roach x3  
  101  9:05  Ravager x2, Zerg Missile Weapons Level 1  
  101  9:06  Roach  
  101  9:07  Roach  
  101  9:08  Roach  
  109  9:12  Drone x2  
  109  9:16  Drone  
  112  9:20  Roach  
  112  9:21  Roach x4  
  112  9:23  Drone x2  
  123  9:33  Spire  
  123  9:38  Hatchery  
  121  9:50  Drone x6  
  121  9:51  Drone  
  128  9:57  Drone  
  128  9:59  Hatchery  
  128  10:02  Overlord  
  128  10:06  Overlord, Extractor  
  127  10:07  Extractor  
  127  10:08  Overlord  
  125  10:27  Hatchery, Drone  
  121  10:40  Hatchery  
  119  10:45  Zerg Flyer Weapons Level 1  
  119  10:48  Corruptor x3  
  119  10:49  Corruptor x6  
  137  10:54  Corruptor  
  139  11:01  Corruptor x2  
  143  11:06  Drone x5  
  143  11:10  Corruptor  
  150  11:15  Zerg Missile Weapons Level 2  
  150  11:18  Corruptor  
  150  11:19  Corruptor  
  150  11:23  Overlord  
  150  11:24  Drone  
  155  11:46  Corruptor x2  
  155  11:47  Corruptor  
  161  11:54  Overseer  
  161  11:57  Unknown, Corruptor x2  
  161  11:58  Corruptor x3  
  170  12:04  Overlord x5  
  170  12:06  Ravager x2  
  172  12:17  Overlord x2  
  172  12:25  Roach x2  
  172  12:26  Roach x6  
  184  12:42  Ravager x6  
  184  12:43  Ravager x4  
  192  12:51  Roach x6  
  200  12:52  Overseer  
  200  12:53  Zerg Flyer Weapons Level 2  
  199  13:03  Ravager  
  155  13:34  Corruptor x2  
  155  13:35  Corruptor x3  
  155  13:37  Roach x8  
  155  13:39  Corruptor x3  
  180  13:43  Drone x3  
  180  13:45  Drone x2  
  185  13:49  Ravager x5  
  185  13:53  Roach x2  
  194  14:03  Roach x3  
  162  14:20  Roach  
  162  14:21  Roach x11  
  146  14:34  Roach x8  
  162  14:42  Roach x4  
  162  14:43  Roach  
  162  14:45  Ravager x4  
  176  14:49  Zerg Ground Armor Level 1  
  176  14:51  Roach  
  180  14:53  Roach x2  
  180  14:56  Drone x3  
  180  14:59  Roach  
  189  15:00  Roach  
  189  15:04  Roach x2  
  193  15:10  Roach x3  
  196  15:22  Roach x2  
  196  15:23  Roach x2  
  188  15:31  Roach x4  
  188  15:32  Roach x2  
  198  15:42  Roach x3  
  198  15:52  Roach  
  189  16:00  Roach x2  
  189  16:01  Roach  
  189  16:02  Roach x10  
  184  16:08  Infestation Pit  
  183  16:21  Drone x5  
  188  16:28  Hydralisk Den  
  188  16:32  Hatchery  
  186  16:48  Infestor x7  
  200  16:59  Neural Parasite  
  200  17:00  Burrow  
  200  17:01  Grooved Spines  
  200  17:03  Hive  
  200  17:04  Lurker Den  
  197  17:18  Infestor  
  192  17:46  Roach  
  192  17:48  Roach x7  
  189  17:52  Roach x7  
  189  17:58  Roach x6  
  198  17:59  Roach  
Show
View Real Time Build Order
Export as new Build Order

DKZherO Protoss - Winner!

Build Orders: 1 Gate Expand, Oracle Opening, Carriers 

Get SALT Encoding   

  12  0:00  Probe  
  13  0:12  Pylon  
  13  0:17  Probe (Chrono Boost)  
  14  0:27  Probe (Chrono Boost)  
  15  0:32  Probe (Chrono Boost)  
  16  0:38  Gateway  
  16  0:43  Probe  
  16  0:47  Assimilator  
  17  0:55  Probe  
  18  1:07  Probe  
  19  1:20  Probe  
  20  1:26  Nexus  
  20  1:35  Cybernetics Core  
  20  1:37  Probe  
  21  1:43  Assimilator  
  21  1:49  Probe  
  22  1:54  Pylon  
  23  2:01  Probe  
  23  2:10  Adept (Chrono Boost)  
  23  2:13  Probe  
  26  2:15  Stargate  
  26  2:24  Warp Gate  
  26  2:25  Probe  
  27  2:32  Adept  
  29  2:39  Probe (Chrono Boost)  
  29  2:42  Probe (Chrono Boost)  
  31  2:48  Probe (Chrono Boost)  
  33  2:51  Probe (Chrono Boost)  
  33  2:53  Probe (Chrono Boost)  
  33  2:56  Oracle (Chrono Boost)  
  34  3:01  Probe  
  34  3:05  Stalker, Probe  
  41  3:08  Pylon  
  41  3:17  Gateway, Probe  
  41  3:19  Probe  
  43  3:30  Oracle (Chrono Boost)  
  43  3:33  Probe  
  43  3:34  Probe  
  48  3:45  Nexus  
  48  3:51  Pylon  
  48  3:55  Probe  
  48  3:56  Probe  
  48  4:01  Pylon  
  50  4:03  Oracle (Chrono Boost)  
  50  4:08  Probe  
  50  4:09  Probe  
  55  4:12  Assimilator  
  55  4:15  Adept x2  
  59  4:22  Probe x2  
  61  4:24  Pylon  
  61  4:34  Probe x2  
  63  4:39  Adept x2  
  63  4:44  Assimilator  
  67  4:47  Probe x2  
  67  4:51  Robotics Facility  
  69  5:01  Adept x2  
  69  5:02  Probe x3  
  76  5:07  Shield Battery  
  76  5:18  Shield Battery  
  76  5:21  Shield Battery  
  76  5:22  Stalker x2  
  76  5:23  Oracle (Chrono Boost)  
  76  5:24  Pylon  
  76  5:26  Shield Battery  
  76  5:27  Probe x2  
  85  5:28  Probe  
  85  5:33  Shield Battery  
  86  5:45  Adept x2, Immortal (Chrono Boost)  
  90  5:55  Oracle (Chrono Boost)  
  91  6:06  Adept x2  
  95  6:18  Immortal (Chrono Boost)  
  93  6:33  Stalker  
  93  6:37  Stalker  
  87  6:42  Probe  
  87  6:43  Probe  
  88  6:47  Probe  
  88  6:48  Immortal (Chrono Boost)  
  89  6:54  Probe  
  89  6:55  Probe  
  89  6:56  Pylon  
  89  7:00  Pylon  
  91  7:02  Shield Battery  
  91  7:14  Shield Battery, Probe (Chrono Boost)  
  91  7:15  Oracle (Chrono Boost), Pylon  
  93  7:17  Probe (Chrono Boost)  
  93  7:18  Adept, Probe (Chrono Boost)  
  99  7:25  Shield Battery  
  99  7:26  Probe (Chrono Boost)  
  99  7:29  Pylon  
  101  7:30  Probe (Chrono Boost), Pylon  
  101  7:32  Probe x2 (Chrono Boost)  
  101  7:33  Sentry, Immortal  
  101  7:37  Assimilator  
  109  7:42  Assimilator  
  109  7:47  Probe x3  
  109  7:48  Fleet Beacon, Stargate  
  112  7:52  Protoss Air Weapons Level 1  
  112  7:54  Zealot  
  112  7:55  Forge  
  114  7:59  Probe  
  114  8:00  Probe x2  
  114  8:02  Pylon  
  114  8:03  Stargate  
  117  8:09  Pylon  
  117  8:12  Pylon, Probe x3  
  120  8:25  Nexus  
  121  8:27  Observer  
  121  8:31  Carrier (Chrono Boost)  
  127  8:39  Carrier (Chrono Boost)  
  127  8:40  Photon Cannon  
  133  8:42  Photon Cannon  
  133  8:44  Shield Battery  
  133  8:50  Probe x2  
  133  8:51  Probe  
  142  9:00  Carrier (Chrono Boost)  
  142  9:02  Protoss Ground Weapons Level 1  
  142  9:06  Twilight Council  
  142  9:09  Gateway, Probe x3, Pylon  
  146  9:18  Observer  
  146  9:25  Gateway  
  146  9:26  Carrier (Chrono Boost)  
  146  9:28  Gateway  
  146  9:30  Observer  
  152  9:35  Gateway  
  152  9:36  Gateway  
  152  9:40  Assimilator  
  152  9:41  Assimilator  
  152  9:46  Warp Prism  
  152  9:49  Gateway  
  154  9:59  Carrier  
  160  10:08  Protoss Air Weapons Level 2, Probe x4  
  160  10:09  Charge  
  160  10:11  Gateway  
  160  10:13  Gateway  
  164  10:21  Pylon, Carrier  
  170  10:29  Carrier  
  176  10:45  Photon Cannon  
  176  10:47  Pylon  
  176  10:48  Photon Cannon  
  176  10:50  Pylon  
  176  10:57  Carrier  
  176  10:58  Photon Cannon  
  176  10:59  Shield Battery  
  176  11:00  Pylon  
  176  11:04  Templar Archives, Pylon  
  188  11:12  Mothership (Chrono Boost)  
  188  11:13  Pylon  
  188  11:15  Pylon  
  188  11:21  Immortal  
  192  11:26  Pylon  
  192  11:29  Gateway x2  
  194  11:49  Void Ray x2 (Chrono Boost)  
  188  12:04  Void Ray (Chrono Boost)  
  188  12:06  Flux Vanes  
  186  12:09  Gateway  
  186  12:10  Gateway  
  186  12:12  High Templar x4  
  193  12:16  Archon x2  
  193  12:18  Shield Battery  
  197  12:24  Void Ray (Chrono Boost)  
  197  12:29  Nexus  
  199  12:39  Void Ray (Chrono Boost)  
  199  12:40  Observer, Void Ray (Chrono Boost)  
  193  12:48  Pylon  
  189  12:54  Zealot x3, High Templar x2  
  189  12:57  Archon  
  199  13:02  Pylon  
  199  13:04  Photon Cannon  
  199  13:05  Photon Cannon  
  199  13:07  Photon Cannon  
  199  13:08  High Templar, Photon Cannon  
  199  13:10  Shield Battery  
  199  13:12  Shield Battery  
  199  13:26  Zealot x5, High Templar  
  185  13:41  Void Ray x3 (Chrono Boost)  
  197  13:42  High Templar  
  197  13:46  Unknown  
  199  13:49  Archon  
  199  13:50  Gateway  
  199  13:53  Gateway  
  189  14:14  Zealot x13  
  167  14:28  Carrier x3 (Chrono Boost)  
  141  14:33  Immortal (Chrono Boost)  
  141  14:34  Psionic Storm  
  141  14:37  High Templar x7  
  141  14:38  Zealot x5  
  171  14:42  Archon x3  
  171  14:46  Zealot x3  
  177  15:05  High Templar x2  
  177  15:06  High Templar  
  183  15:11  Zealot x6  
  183  15:12  Zealot  
  178  15:33  Void Ray (Chrono Boost)  
  178  15:35  High Templar x2  
  181  15:40  Archon  
  176  15:43  Void Ray x2 (Chrono Boost)  
  176  15:47  Zealot, High Templar x2  
  176  15:48  Zealot x3  
  183  16:01  Archon  
  183  16:02  Archon  
  179  16:08  Nexus  
  179  16:12  High Templar x3  
  185  16:18  Warp Prism (Chrono Boost)  
  185  16:21  High Templar  
  189  16:25  Assimilator  
  189  16:26  Assimilator  
  189  16:42  Pylon  
  189  16:43  High Templar  
  189  16:44  High Templar  
  189  16:46  Observer  
  192  16:47  Archon  
  192  16:53  Sentry x2  
  196  16:58  Stalker, Zealot  
  192  17:34  Stalker x4  
  177  18:03  Archon  
  177  18:04  Archon  
  171  18:10  Zealot x3, High Templar x4  
  171  18:11  Zealot x9  
  171  18:15  Archon  
  171  18:16  Archon  
Tags
 
Add a new tag
Caveats
  • Supply blocks, unpowered buildings, or Contaminate may cause inaccurate times.
  • Supply counts are checked every 10 seconds.